 Dungeon Crawl Stone Soup version 0.32-a0-473-gd044c6f0f0 (webtiles) character file.

Game seed: 5618484004170634952

11560 Sobieck the Arsonist (level 11, -10/88 HPs)
             Began as an Oni Fire Elementalist on Feb 25, 2024.
             Was an Elder of Vehumet.
             Mangled by an elephant (11 damage)
             ... on level 9 of the Dungeon.
             The game lasted 00:31:51 (13881 turns).

Sobieck the Arsonist (Oni Fire Elementalist)       Turns: 13881, Time: 00:31:52

Health: -10/88     AC: 10    Str: 20    XL:     11   Next: 79%
Magic:  23/25      EV:  9    Int: 20    God:    Vehumet [****..]
Gold:   190        SH:  0    Dex:  9    Spells: 14/30 levels left

rFire   + . .        x - staff of fire
rCold   . . .        E - orb {*channel}
rNeg    . . .        d - +2 robe {Will+}
rPois   +            f - +2 hat
rElec   .            t - +2 cloak {rPois}
rCorr   .            (gloves unavailable)
SInv    .            (boots unavailable)
Will    +++..        J - amulet of magic regeneration
Stlth   +            e - +6 ring of strength
HPRegen 0.34/turn    B - ring of flight
MPRegen 0.59/turn

%: channel magic (20%)
@: enlightened, flying, hasted, very quick
A: large, unfitting armour, horns 1, tough skin 1, double potion healing,
drunken brawling
a: Renounce Religion


You were on level 9 of the Dungeon.
You worshipped Vehumet.
Vehumet was greatly pleased with you.
You visited 3 branches of the dungeon, and saw 11 of its levels.
You also visited: Bailey.

You collected 550 gold pieces.
You spent 360 gold pieces at shops.

Inventory:

Hand Weapons
 i - a +0 flail
 n - a +2 dagger of draining
 A - a +0 dagger
Missiles
 k - 19 poisoned darts
 w - 7 large rocks
Armour
 a - a +0 troll leather armour
 d - a +2 robe of willpower (worn)
 f - a +2 hat (worn)
 r - a +0 kite shield
 t - a +2 cloak of poison resistance (worn)
 E - an orb of energy (worn)
Magical Staves
 x - a staff of fire (weapon)
Jewellery
 e - a +6 ring of strength (left hand)
 y - a ring of ice
 B - a ring of flight (right hand)
 J - an amulet of magic regeneration (around neck)
Wands
 I - a wand of iceblast (23)
 V - a wand of flame (27)
Scrolls
 c - a scroll of amnesia
 m - 2 scrolls of vulnerability
 o - 4 scrolls of revelation
 p - 2 scrolls of enchant armour
 z - a scroll of enchant weapon
 C - a scroll of fog {unknown}
 D - a scroll of immolation {unknown}
Potions
 b - 5 potions of magic
 h - a potion of enlightenment
 j - a potion of heal wounds
 l - a potion of ambrosia
 q - a potion of attraction
 s - 3 potions of lignification
 v - 3 potions of might
 F - 2 potions of invisibility
 G - a potion of resistance
 Q - 8 potions of curing
Miscellaneous
 O - a condenser vane


   Skills:
 - Level 1.7 Dodging
 - Level 1.4 Stealth
 - Level 10.0 Spellcasting
 - Level 5.0 Conjurations
 - Level 12.0 Fire Magic
 + Level 7.8 Air Magic


You had 14 spell levels left.
You knew the following spells:

 Your Spells              Type           Power      Damage    Failure   Level
a - Foxfire               Conj/Fire      100%       2x1d9     1%          1
b - Scorch                Fire           100%       2d9       1%          2
c - Flame Wave            Conj/Fire      60%        2d14      2%          4
d - Stone Arrow           Conj/Erth      40%        3d9       5%          3
e - Plasma Beam           Fire/Air       32%        2x1d45    11%         6

Your spell library contained the following spells:

 Spells                   Type           Power      Damage    Failure   Level
 Lee's Rapid Deconstruct  Erth           5%         3d6*      56%         5
 Kiss of Death            Conj/Necr      80%        2d11      2%          1
 Mercury Vapours          Alch/Air       50%        N/A       2%          2
 Inner Flame              Hex/Fire       50%        N/A       2%          3
 Volatile Blastmotes      Fire/Tloc      100%       2d18      2%          3
 Mephitic Cloud           Conj/Alch/Air  27%        N/A       3%          3
 Freezing Cloud           Conj/Ice/Air   13%        6-21      17%         5
 Starburst                Conj/Fire      30%        6d9       17%         6
 Lesser Beckoning         Tloc           20%        N/A       26%         2
 Confusing Touch          Hex            10%        N/A       41%         3
 Gell's Gravitas          Tloc           10%        N/A       41%         3
 Teleport Other           Tloc           10%        N/A       41%         3
 Dispel Undead            Necr           10%        3d9       77%         4


Dungeon Overview and Level Annotations

Branches:
Dungeon (9/15)             Temple (0/1) D:6            Lair (1/5) D:9
    Orc (1/2) D:9          Bailey (visited)

Altars:
Cheibriados
Dithmenos
Gozag
Hepliaklqana
Makhleb
Nemelex Xobeh
Ru
Sif Muna
Uskayaw
Vehumet
Xom
Yredelemnul

Shops:
D:5 =   D:6 !**

Annotations:
D:3 go up vault
D:6 shtter vault
D:9 2 transporters


Innate Abilities, Weirdness & Mutations

You are too large for most types of armour.
You have a pair of small horns on your head.
You have tough skin. (AC +1)
You gain doubled healing and magic from potions.
Whenever you drink a healing potion, you attack all around you.


Message History

A wave of flame ripples out!
The flame wave engulfs the elephant!
The elephant is heavily wounded.
The flame wave engulfs the elephant!!
The elephant is moderately wounded.
The flame wave engulfs the elephant!
The elephant is heavily wounded.
The flame wave engulfs the komodo dragon!
The komodo dragon is moderately wounded.
The elephant tramples you!
* * * LOW HITPOINT WARNING * * *
You hold your ground!
The elephant trunk-slaps you but does no damage.
The elephant closely misses you. The elephant completely misses you.
The elephant tramples you!
* * * LOW HITPOINT WARNING * * *
You hold your ground!
The elephant trunk-slaps you but does no damage.
A wave of flame ripples out!
The flame wave engulfs the elephant!
The elephant is severely wounded.
The flame wave engulfs the elephant!
The elephant is heavily wounded.
The flame wave engulfs the elephant!
The elephant is heavily wounded.
The flame wave engulfs the komodo dragon!!
The komodo dragon is severely wounded.
The flame wave engulfs the elephant!
The elephant is moderately wounded.
A wave of flame ripples out!
The flame wave engulfs the elephant!!
You kill the elephant!
Vehumet accepts your kill.
You feel your power returning.
The flame wave engulfs the elephant.
The elephant is heavily wounded.
The flame wave engulfs the elephant!!
The elephant is almost dead.
The flame wave engulfs the komodo dragon!!
You kill the komodo dragon!
Vehumet accepts your kill.
You feel your power returning.
You finish channelling waves of flame.
The elephant tramples you but does no damage.
The elephant trunk-slaps you but does no damage.
The elephant tramples you!
* * * LOW HITPOINT WARNING * * *
You hold your ground!
The elephant trunk-slaps you.
* * * LOW HITPOINT WARNING * * *
Unknown command.
You feel more buoyant. The elephant completely misses you.
The elephant trunk-slaps you.
* * * LOW HITPOINT WARNING * * *
The elephant tramples you!
You die...

.©..# #.# #.#.##..# #..#
.©..###.# ###.P.....####..#
.....##.###..P...P.......##
..#####.##.P.......P..##.#
.######.##..).......P.##.#
........#..............#.#
######..#.....####.P.....#
# ##..#...÷.Y.Y#......##
#####.........#Y@#...P.##
..........P...####..P.P#
#####.##.P.P.........PP#
#####.##.#....P...P...##
...............P.P....#
#####.##..#....P.....## #
#.##..###......###
#####.##..# ##.#.###
......##..####...#


You could see 3 elephants.

Vanquished Creatures
  A catoblepas (D:9)
  A two-headed ogre (D:9)
  A cyclops (D:8)
  4 elephants
  A gargoyle (Bailey)
  A cane toad (Lair:1)
  Maggie (D:8)
  Jeremiah (D:9)
  Psyche (D:8)
  3 komodo dragons (D:9)
  4 trolls
  5 slime creatures (D:9)
  A vampire (Bailey)
  2 wraiths
  A yak (D:9)
  A warg (D:9)
  2 water moccasins
  An acid dragon (D:9)
  A black bear (D:4)
  2 orc warriors
  An ice beast (D:6)
  An ogre (D:6)
  3 centaurs
  A phantom (D:5)
  2 kobold brigands (D:9)
  6 bullfrogs
  A scorpion (D:6)
  A gnoll sergeant (D:8)
  8 wights
  3 killer bees (D:9)
  6 howler monkeys
  9 vampire bats (Bailey)
  7 wolf zombies (Bailey)
  2 bombardier beetles
  3 hounds
  4 jellies
  Ijyb (D:5)
  A human skeleton (D:8)
  7 orc priests
  4 iguanas
  5 sleepcaps
  2 orc wizards
  A hound skeleton (D:8)
  Robin (D:4)
  6 gnolls
  11 adders
  A white imp (D:7)
  A ribbon worm (D:2)
  2 dart slugs
  33 orcs
  7 ball pythons
  6 endoplasms
  8 giant cockroaches
  12 goblins
  4 hobgoblins
  2 jackals (D:5)
  5 kobolds
  3 quokkas
  9 bats
  2 frilled lizards (D:2)
  22 orc zombies (Bailey)
  6 rats
255 creatures vanquished.

Vanquished Creatures (collateral kills)
  2 foxfires
2 creatures vanquished.

Vanquished Creatures (others)
  1133 foxfires
1133 creatures vanquished.

Grand Total: 1390 creatures vanquished

Notes
Turn   | Place    | Note
-------+----------+-------------------------------------------
     0 | D:1      | Sobieck the Oni Fire Elementalist began the quest for the
                  | Orb.
     0 | D:1      | Reached XP level 1. HP: 16/16 MP: 3/3
    84 | D:1      | Reached skill level 1 in Conjurations
   235 | D:1      | Reached XP level 2. HP: 21/24 MP: 2/5
   325 | D:1      | Reached skill level 3 in Fire Magic
   434 | D:1      | Learned a level 2 spell: Scorch
   577 | D:1      | Reached skill level 3 in Spellcasting
   627 | D:1      | Reached XP level 3. HP: 31/31 MP: 5/7
  1288 | D:2      | Found a faded altar of an unknown god.
  1716 | D:2      | Reached XP level 4. HP: 37/37 MP: 0/9
  2315 | D:3      | Found a radiant altar of Vehumet.
  2337 | D:3      | Became a worshipper of Vehumet
  2701 | D:3      | Reached XP level 5. HP: 45/45 MP: 5/11
  2769 | D:3      | Found a hazy altar of Hepliaklqana.
  3025 | D:3      | Reached skill level 4 in Fire Magic
  3353 | D:3      | Found a faded altar of an unknown god.
  3358 | D:3      | Found a shimmering altar of Xom.
  3533 | D:3      | Found a hide-covered altar of Uskayaw.
  3749 | D:4      | Reached * piety under Vehumet
  3749 | D:4      | Offered knowledge of Shock by Vehumet.
  3756 | D:4      | Reached XP level 6. HP: 53/53 MP: 3/12
  3977 | D:4      | Noticed Robin
  3993 | D:4      | Killed Robin
  4150 | D:4      | Noticed a black bear
  4159 | D:4      | Killed a black bear
  4598 | D:4      | Reached skill level 3 in Conjurations
  4739 | D:4      | Identified 2 scrolls of acquirement
  4739 | D:4      | Acquired the amulet "Osmo" {Regen+ Str+3 Stlth+}
  4746 | D:4      | Acquired a +2 hat
  4772 | D:5      | Entered Level 5 of the Dungeon
  4906 | D:5      | Noticed Ijyb
  4913 | D:5      | Killed Ijyb
  4970 | D:5      | Learned a level 4 spell: Flame Wave
  5023 | D:5      | Reached XP level 7. HP: 59/59 MP: 11/14
  5361 | D:5      | Found Jineasocw's Jewellery Shop.
  5446 | D:5      | Found an opulent altar of Gozag.
  5530 | D:5      | Found a sacrificial altar of Ru.
  5535 | D:5      | Reached skill level 5 in Fire Magic
  5888 | D:6      | Found Innuraul's General Store.
  5891 | D:6      | Found Hoablofu's Specific Store.
  6014 | D:6      | Reached skill level 6 in Spellcasting
  6141 | D:6      | Found a shimmering blue altar of Sif Muna.
  6163 | D:6      | Noticed a wraith
  6180 | D:6      | Killed a wraith
  6181 | D:6      | Reached XP level 8. HP: 61/67 MP: 5/17
  7009 | D:6      | Reached ** piety under Vehumet
  7009 | D:6      | Offered knowledge of Sandblast by Vehumet.
  7010 | D:6      | Reached skill level 6 in Fire Magic
  7177 | D:6      | Found a sparkling altar of Nemelex Xobeh.
  7217 | D:6      | Found a basalt altar of Yredelemnul.
  7272 | D:6      | Found a staircase to the Ecumenical Temple.
  7403 | D:6      | Found Sacuarch's Distillery.
  7867 | D:7      | Reached XP level 9. HP: 74/74 MP: 15/20
  7967 | D:7      | Reached skill level 7 in Fire Magic
  8057 | D:7      | Found a flagged portal.
  8066 | Bailey   | Entered a bailey
  8386 | Bailey   | Offered knowledge of Searing Ray by Vehumet.
  8475 | Bailey   | Reached *** piety under Vehumet
  8480 | Bailey   | Reached skill level 9 in Spellcasting
  8553 | Bailey   | Noticed a gargoyle
  8574 | Bailey   | Killed a gargoyle
  8575 | Bailey   | Reached skill level 8 in Fire Magic
  9233 | Bailey   | Identified the +5 ring mail of Uskayaw's Castigation
                  | {+Blink rC++ Will+ Int-3}
  9947 | D:8      | Reached XP level 10. HP: 81/81 MP: 21/24
 10050 | D:8      | Noticed Maggie
 10054 | D:8      | Offered knowledge of Stone Arrow by Vehumet.
 10062 | D:8      | Killed Maggie
 10063 | D:8      | Reached skill level 9 in Fire Magic
 10617 | D:5      | Bought an amulet of magic regeneration for 360 gold pieces
 10915 | D:8      | Noticed Psyche
 10926 | D:8      | Killed Psyche
 10961 | D:8      | Reached skill level 10 in Fire Magic
 11095 | D:8      | Noticed a cyclops
 11115 | D:8      | Killed a cyclops
 11148 | D:8      | Found a burning altar of Makhleb.
 11322 | D:8      | Reached skill level 1 in Air Magic
 11862 | D:9      | Learned a level 3 spell: Stone Arrow
 11875 | D:9      | Noticed Jeremiah
 11896 | D:9      | Killed Jeremiah
 11897 | D:9      | Reached skill level 3 in Air Magic
 11953 | D:9      | Found a staircase to the Orcish Mines.
 11975 | D:9      | Reached **** piety under Vehumet
 11976 | D:9      | Reached skill level 11 in Fire Magic
 11980 | D:9      | Noticed a two-headed ogre
 11997 | D:9      | Killed a two-headed ogre
 11998 | D:9      | Reached XP level 11. HP: 61/88 MP: 25/25
 12193 | D:9      | Offered knowledge of Lee's Rapid Deconstruction by Vehumet.
 12222 | D:9      | Found a transporter.
 12225 | D:9      | Found a transporter.
 12226 | D:9      | Noticed a boulder beetle
 12270 | D:9      | Found a shadowy altar of Dithmenos.
 12316 | D:9      | Found a snail-covered altar of Cheibriados.
 12678 | D:9      | Found a staircase to the Lair.
 12938 | Orc:1    | Entered Level 1 of the Orcish Mines
 12943 | Orc:1    | Noticed an orc high priest
 13083 | Lair:1   | Entered Level 1 of the Lair of Beasts
 13113 | Lair:1   | Reached skill level 12 in Fire Magic
 13126 | Lair:1   | Learned a level 6 spell: Plasma Beam
 13160 | D:9      | Reached skill level 6 in Air Magic
 13292 | Lair:1   | Noticed a catoblepas
 13298 | Lair:1   | HP: 3/88 [elephant (14)]
 13766 | D:9      | Killed a catoblepas
 13880 | D:9      | HP: 4/88 [elephant (12)]
 13881 | D:9      | HP: 1/88 [elephant (2)]
 13881 | D:9      | Mangled by an elephant

Illustrated notes

Levels and vault maps discovered:
D:1:      zelgadis_glass_arrival_small, layout_basic
D:2:      layout_loops_ring, shapermc_ecumenical_altar_mp_highgroup,
          dreamdust_princess_bridge, minmay_small_reverse_x
D:3:      layout_loops_ring, nicolae_overflow_hidden_temple,
          mainiacjoe_overflow_paths, lemuel_doored_altar,
          nicolae_overflow_ecumenical_swirl
D:4:      layout_basic, uniq_robin
D:5:      layout_basic, mainiacjoe_overflow_alcove_2, marbit_many_paths,
          serial_shops, nicolae_shop_pleasant_corner_grove, uniq_ijyb
D:6:      minmay_spotlight, layout_basic, kennysheep_mini_moat,
          nemelex_spade_bored_becter, nicolae_sif_muna_little_library,
          minmay_temple_entry_proselytizer, serial_shops, shop, st_stairs_12,
          nicolae_specific_store, interstate_on_off
D:7:      layout_loops_ring, enter_bailey_2, dk_rats_in_the_wall
D:8:      layout_layer_cave, makhleb_blood_cavern_becter, uniq_maggie,
          uniq_psyche
D:9:      gammafunk_boulding_lane, layout_loops_ring, amcnicky_altar_gilded,
          general_overflow_altar, grunt_lair_entry_orc_guard_hut, orc_0_dummy,
          nicolae_elevator_lobby_plus, uniq_jeremiah
Lair:1:   dreamdust_cave_troll, layout_cave_shapes,
          chequers_serial_rivers_micro_c, pdpol_lair_neglected_garden,
          nicolae_lair_grazing_beasts [nicolae_sub_lair_graze_edge,
          nicolae_sub_lair_graze_edge, nicolae_sub_lair_graze_edge,
          nicolae_sub_lair_graze_edge], uniq_urug
Orc:1:    layout_caves, serial_shops, shop, basic_altar,
          nicolae_orc_takin'_care_of_business

Skill      XL: |  1  2  3  4  5  6  7  8  9 10 11 |
---------------+----------------------------------+-----
Conjurations   | 1 2 3 4 5 |  5.0
Fire Magic     | 3 4 5 6 8 11 12 | 12.0
Spellcasting   | 3 4 5 6 7 10 | 10.0
Air Magic      | 4 7 |  7.8
Dodging        | |  1.7
Stealth        | |  1.4

Action                     |  1- 3 |  4- 6 |  7- 9 | 10-12 || total
---------------------------+-------+-------+-------+-------++-------
  Melee: Unarmed           |    25 |       |       |       ||    25
         Headbutt          |    10 |     5 |       |     3 ||    18
         Dagger            |    33 |    28 |       |       ||    61
         Flail             |     5 |       |       |       ||     5
         Staff             |       |       |     1 |       ||     1
   Cast: Foxfire           |    55 |   119 |   305 |   192 ||   671
         Scorch            |     4 |    14 |    38 |    46 ||   102
         Flame Wave        |       |       |     1 |    23 ||    24
         Plasma Beam       |       |       |       |     4 ||     4
    Use: Scroll            |       |    14 |     6 |     6 ||    26
         Potion            |       |       |       |     6 ||     6
   Stab: Sleeping          |       |     1 |       |       ||     1
 Armour: Robe              |    45 |    21 |    48 |   170 ||   284
         Acid dragon scale |       |       |    11 |    14 ||    25
         Skin              |       |       |       |     4 ||     4
  Dodge: Dodged            |    27 |    15 |    24 |    60 ||   126

Table legend: (Time is in decaauts)
 A = Elapsed time spent in this place.
 B = Non-inter-level travel time spent in this place.
 C = Inter-level travel time spent in this place.
 D = Time resting spent in this place.
 E = Time spent auto-exploring this place.
 F = Levels seen in this place.
 G = Mean time per level.
                   A        B        C        D        E       F      G
               +--------+--------+--------+--------+--------+-----+--------+
         Total |  13896 |  13192 |    704 |   2381 |   8395 |  12 | 1158.0 |
       Dungeon |  12552 |  11849 |    703 |   1720 |   8319 |   9 | 1394.7 |
          Lair |    115 |    115 |      0 |      0 |     17 |   1 |  115.0 |
  Orcish Mines |     10 |     10 |      0 |      0 |      0 |   1 |   10.0 |
        Bailey |   1218 |   1218 |      0 |    661 |     59 |   1 | 1218.0 |
               +--------+--------+--------+--------+--------+-----+--------+

Top non-repeatable levels by time:
     D:9: 1973 daAuts
     D:6: 1837 daAuts
     D:8: 1823 daAuts
     D:3: 1303 daAuts
     D:4: 1269 daAuts
     D:1: 1236 daAuts
  Bailey: 1218 daAuts
     D:5: 1093 daAuts
     D:2: 1062 daAuts
     D:7: 953 daAuts
  Lair:1: 115 daAuts
   Orc:1: 10 daAuts
